 Dungeon Crawl Stone Soup version 0.14-a0-2888-g61d0ccb (webtiles) character file.

221 Econoterrorist the Cudgeler (level 5, -1/32 HPs)
             Began as a Gargoyle Fighter on Mar 1, 2014.
             Slain by an orc (3 damage)
             ... on Level 3 of the Dungeon.
             The game lasted 00:07:13 (1768 turns).

Econoterrorist the Cudgeler (Gargoyle Fighter)      Turns: 1768, Time: 00:07:14

HP  -1/32        AC 12     Str 19      XL: 5   Next: 13%
MP   5/5         EV  6     Int 15      God:
Gold 91          SH 18     Dex  9      Spells:  0 memorised,  4 levels left

rFire  . . .     SeeInvis .     a - +0 mace
rCold  . . .     Clarity  .     b - +0 scale mail
rNeg   + . .     Conserve .     c - +0 shield
rPois  +         rCorr    .     (no helmet)
rElec  +         rRot     +     j - +0 cloak
SustAb . .       Spirit   .     (no gloves)
rMut   .         Warding  .     (no boots)
Saprov . . .     Stasis   .     (no amulet)
MR     .....                    (no ring)
                                (no ring)

@: brilliant, very slightly contaminated, hasted, very quick, not resistant to
hostile enchantments, extremely unstealthy
A: life protection 1, electricity resistance, unbreathing, petrification
resistance, AC +4
a: no special abilities


You were on level 3 of the Dungeon.
You were hungry.

You visited 1 branch of the dungeon, and saw 3 of its levels.

You collected 91 gold pieces.

Inventory:

Hand weapons
 a - a +0,+0 mace (weapon)
Armour
 b - a +0 scale mail (worn)
 c - a +0 shield (worn)
 j - a +0 cloak (worn)
Comestibles
 d - 3 bread rations
 f - a meat ration
 n - an apple
Scrolls
 e - 2 scrolls of magic mapping {unknown}
 g - 3 scrolls of curse jewellery {unknown}
 i - a scroll of fear {unknown}
 m - 2 scrolls of identify {unknown}
 p - a scroll of noise {unknown}
Jewellery
 r - an uncursed amulet of faith {unknown}
Potions
 h - 2 potions of brilliance
 l - a potion of curing {unknown}
 o - a potion of heal wounds {unknown}
 q - a potion of resistance {unknown}


   Skills:
 - Level 3.2 Fighting
 + Level 5.6 Maces & Flails
 - Level 3.2 Armour
 - Level 3.2 Shields


You had 4 spell levels left.
You didn't know any spells.

Dungeon Overview and Level Annotations

Branches:
Dungeon (3/16)

Altars:
Vehumet


Innate Abilities, Weirdness & Mutations

You are resistant to torment.
You are immune to poison.
Your stone body is very resilient (AC +4).
You resist negative energy.
You are resistant to electric shocks.
You can survive without breathing.
You are immune to petrification.


Message History

You barely miss the orc wizard.
The orc wizard is almost dead.
The orc wizard hits you but does no damage.
The orc barely misses you. The orc closely misses you.
You hit the orc wizard.
The orc wizard is almost dead.
You block the orc's attack. You block the orc wizard's attack.
The orc closely misses you. The orc completely misses you.
You hit the orc wizard.
You kill the orc wizard!
You have reached level 5!
You block the orc's attack. The orc hits you but does no damage.
You sock the orc!
The orc is almost dead.
The orc hits you but does no damage. The orc hits you.
* * * LOW HITPOINT WARNING * * *
You hit the orc.
You kill the orc!
You block the orc's attack. The orc hits you.
You die...

##### ####### #.>.#
......# #...# ......#
#...# ......#########...#
...............)..# ...
.#############..@)#.....
...............o)o.......
.######.##.##...5.#.....
.........(..%...........
.######.##.##...###.....
...#...######...# ....
...#.l## ._##..... ..
...#5.# 5..#...### #
.###..## .. #...#


You could see a crimson imp and 2 orcs.

Vanquished Creatures
  An orc wizard (D:3)
  4 adders
  A giant mite (D:2)
  An inept feature mimic (D:2)
  4 giant geckos
  3 orcs (D:3)
  9 bats
  4 giant cockroaches
  8 goblins
  8 hobgoblins
  6 kobolds
  2 giant newts (D:2)
  5 rats
56 creatures vanquished.

Notes
Turn   | Place    | Note
--------------------------------------------------------------
     0 | D:1      | Econoterrorist, the Gargoyle Fighter, began the quest for the Orb.
     0 | D:1      | Reached XP level 1. HP: 14/14 MP: 1/1
    97 | D:1      | Reached XP level 2. HP: 19/19 MP: 2/2
   686 | D:2      | Reached XP level 3. HP: 23/23 MP: 3/3
   836 | D:2      | Reached skill level 4 in Maces & Flails
  1027 | D:2      | Reached XP level 4. HP: 24/28 MP: 4/4
  1247 | D:2      | Reached skill level 5 in Maces & Flails
  1716 | D:3      | Found a radiant altar of Vehumet.
  1766 | D:3      | Reached XP level 5. HP: 4/32 MP: 5/5
  1768 | D:3      | Slain by an orc

Action                   |  1- 3 |  4- 6 || total
-------------------------+-------+-------++-------
Melee: Mace              |   122 |   130 ||   252
  Use: Potion            |       |     2 ||     2
